 Dungeon Crawl Stone Soup version 0.30.0-17-ge0270778cf (webtiles) character file.

Game seed: 1115228741564702915

273 Irreverend the Firebug (level 6, -1/45 HPs)
             Began as a Hill Orc Fire Elementalist on May 23, 2023.
             Succumbed to a scorpion's poison
             ... on level 3 of the Dungeon.
             The game lasted 00:05:09 (2733 turns).

Irreverend the Firebug (Hill Orc Fire Elementalist) Turns: 2733, Time: 00:05:09

Health: -1/45      AC:  2    Str: 11    XL:     6   Next: 23%
Magic:  7/10       EV: 12    Int: 17    God:
Gold:   135        SH:  0    Dex: 11    Spells: 7/10 levels left

rFire   . . .        j - +1 sling (freeze)
rCold   . . .        (no shield)
rNeg    . . .        a - +0 robe
rPois   .            (no helmet)
rElec   .            (no cloak)
rCorr   .            (no gloves)
SInv    .            (no boots)
Will    .....        (no amulet)
Stlth   ++           (no ring)
HPRegen 0.27/turn    (no ring)
MPRegen 0.12/turn

%: no passive effects
@: lethally poisoned (-1 -> -12)
A: no striking features
a: no special abilities


You were on level 3 of the Dungeon.
You visited 1 branch of the dungeon, and saw 3 of its levels.

You collected 135 gold pieces.

Inventory:

Hand Weapons
 j - a +1 sling of freezing (weapon)
Armour
 a - a +0 robe (worn)
 h - the +3 ring mail of Xidoddez {+Blink rF++ Will+ Int-2}
   (You found it on level 2 of the Dungeon)

   Int:       It affects your intelligence (-2).
   rF:        It greatly protects you from fire.
   +Blink:    It lets you blink.
   Will:      It increases your willpower.
Scrolls
 c - 5 scrolls of identify {unknown}
 d - 2 scrolls of enchant armour {unknown}
 e - 4 scrolls of teleportation {unknown}
 i - a scroll of silence {unknown}
 k - a scroll of noise {unknown}
 o - a scroll of immolation {unknown}
Potions
 b - a potion of magic
 g - a potion of brilliance {unknown}
 l - a potion of resistance {unknown}
 m - a potion of berserk rage {unknown}
 n - a potion of flight {unknown}


   Skills:
 + Level 2.9 Dodging
 - Level 1.5 Stealth
 + Level 2.7 Spellcasting
 - Level 1.0 Conjurations
 * Level 5.7 Fire Magic


You had 7 spell levels left.
You knew the following spells:

 Your Spells              Type           Power      Damage    Failure   Level
a - Foxfire               Conj/Fire      52%        2x1d6     4%          1
b - Scorch                Fire           42%        2d7       2%          2

Your spell library contained the following spells:

 Spells                   Type           Power      Damage    Failure   Level
 Inner Flame              Hex/Fire       12%        N/A       17%         3
 Volatile Blastmotes      Fire/Tloc      24%        2d12      17%         3
 Flame Wave               Conj/Fire      13%        2d6       41%         4


Dungeon Overview and Level Annotations

Branches:
Dungeon (3/15)

Altars:
Nemelex Xobeh


Message History

The jackal bites you. x2
You shoot a sling bullet. The sling bullet hits the jackal.
The sling bullet freezes the jackal.
You kill the jackal!
The scorpion closely misses you.
You shoot a sling bullet.
The sling bullet closely misses the scorpion.
The scorpion stings you.
You shoot a sling bullet. The sling bullet hits the scorpion.
The sling bullet freezes the scorpion.
The scorpion is lightly wounded.
The scorpion stings you. The scorpion closely misses you.
You shoot a sling bullet.
The sling bullet closely misses the scorpion.
The scorpion barely misses you. The scorpion stings you.
You are poisoned.
The scorpion poisons you!
You shoot a sling bullet. The sling bullet hits the scorpion.
The sling bullet freezes the scorpion.
The scorpion is moderately wounded.
You feel very sick. The scorpion stings you.
* * * LOW HITPOINT WARNING * * *
The scorpion closely misses you.
Casting: Foxfire (safe; 4% risk of failure)
Confirm with . or Enter, or press ? or * to list all spells.
You conjure some foxfire!
You feel sick. The scorpion stings you!
* * * LOW HITPOINT WARNING * * *
You are more poisoned.
The scorpion poisons you!
Casting: Foxfire (safe; 4% risk of failure)
Confirm with . or Enter, or press ? or * to list all spells.
Flames lash the scorpion.
The scorpion is heavily wounded.
The scorpion's fire resistance burns away.
* * * LOW HITPOINT WARNING * * *
You feel very sick. The scorpion barely misses you.
It was a potion of cancellation.
You feel magically purged.
You die...

..... ....s....# #.#.# .#...#....
.......... .. #.......# # .
.#.......##.##.#. #
.......†............####
.........†....#........... . #..
#.##s# #...##...... #
.#.##..###.##@# #.#...##....##
<.............##v# #.#...........
#...#.........##.# #.#...##......
..............##.###.#...##......
#...#.#..........................
#..............#####.#.........#.
#...#.#...###.######.#.#.##....#.
#...#.#.<......................#.
#...#.#...###.######.....##....#.


You could see a scorpion (combustible, ally target).

Vanquished Creatures
  A black bear (D:3)
  2 orc priests (D:3)
  2 orc wizards (D:3)
  2 adders
  A dart slug (D:2)
  5 orcs (D:3)
  6 ball pythons
  An endoplasm (D:3)
  2 giant cockroaches
  7 goblins
  6 hobgoblins
  4 jackals (D:3)
  2 quokkas (D:1)
  A bat (D:3)
  A frilled lizard (D:1)
  5 kobolds
  4 rats
52 creatures vanquished.

Vanquished Creatures (others)
  108 foxfires
108 creatures vanquished.

Grand Total: 160 creatures vanquished

Notes
Turn   | Place    | Note
-------+----------+-------------------------------------------
     0 | D:1      | Irreverend the Hill Orc Fire Elementalist began the quest
                  | for the Orb.
     0 | D:1      | Reached XP level 1. HP: 14/14 MP: 3/3
   478 | D:1      | Reached XP level 2. HP: 20/20 MP: 2/4
   554 | D:1      | Learned a level 2 spell: Scorch
  1251 | D:2      | Identified the +3 ring mail of Xidoddez {+Blink rF++ Will+
                  | Int-2}
  1261 | D:2      | Reached skill level 4 in Fire Magic
  1261 | D:2      | Reached XP level 3. HP: 26/26 MP: 1/5
  1548 | D:2      | Found a sparkling altar of Nemelex Xobeh.
  1979 | D:3      | Noticed a black bear
  1989 | D:3      | Killed a black bear
  1990 | D:3      | Reached skill level 5 in Fire Magic
  1990 | D:3      | Reached XP level 4. HP: 28/33 MP: 1/7
  1990 | D:3      | Reached XP level 5. HP: 32/38 MP: 1/8
  2554 | D:3      | Reached XP level 6. HP: 29/45 MP: 3/9
  2732 | D:3      | HP: 1/45 [poisoned by a scorpion]
  2733 | D:3      | Succumbed to a scorpion's poison

Illustrated notes

Levels and vault maps discovered:
D:1:      beargit_arrival_diablo_church, layout_basic
D:2:      layout_loops_ring, basic_altar, nicolae_titane
D:3:      layout_basic

Skill      XL: |  1  2  3 |
---------------+----------+-----
Fire Magic     | 4 5 |  5.7
Dodging        | 2 |  2.9
Spellcasting   | 2 |  2.7
Stealth        | |  1.5
Conjurations   | |  1.0

Action                     |  1- 3 |  4- 6 || total
---------------------------+-------+-------++-------
   Fire: Sling             |     1 |    41 ||    42
   Cast: Foxfire           |    47 |    21 ||    68
         Scorch            |     9 |    10 ||    19
    Use: Potion            |       |     1 ||     1
 Armour: Robe              |     1 |    11 ||    12
  Dodge: Dodged            |    15 |    40 ||    55
